 Dungeon Crawl Stone Soup version 0.29.1-4-g47bece8355 (webtiles) character file.

Game seed: 15190332642034831590

42 H0rd4k the Charlatan (level 3, 0/24 HPs)
             Began as an Octopode Artificer on Dec 5, 2022.
             Succumbed to an adder's poison
             ... on level 2 of the Dungeon.
             The game lasted 00:00:53 (1667 turns).

H0rd4k the Charlatan (Octopode Artificer)           Turns: 1667, Time: 00:00:54

Health: 0/24       AC:  1    Str: 11    XL:     3   Next: 54%
Magic:  5/5        EV: 13    Int: 15    God:
Gold:   8          SH:  0    Dex: 12    Spells: 5/5 levels left

rFire   . . .      SeeInvis .     - Unarmed
rCold   . . .      Faith    .   (no shield)
rNeg    . . .      Spirit   .   (helmet restricted)
rPois   .          Reflect  .   (no amulet)
rElec   .          Harm     .   (no ring)
rCorr   .          Rampage  .   (no ring)
Will    .....                   (no ring)
Stlth   +++.......              (no ring)
HPRegen 0.08/turn               (no ring)
MPRegen 0.09/turn               (no ring)
                                (no ring)
                                (no ring)

@: brilliant, lethally poisoned (0 -> -1)
A: almost no armour, amphibious, 8 rings, camouflage 1, gelatinous body 1,
(nimble swimmer 1), tentacles
a: no special abilities


You were on level 2 of the Dungeon.
You visited 1 branch of the dungeon, and saw 2 of its levels.

You collected 8 gold pieces.

Inventory:

Missiles
 a - 2 atropa-tipped darts
Wands
 b - a wand of flame (15) (quivered)
 c - a wand of charming (14)
 d - a wand of iceblast (5)
Scrolls
 f - 2 scrolls of fog {unknown}
 g - a scroll of identify {unknown}
 h - 2 scrolls of teleportation {unknown}
 i - a scroll of acquirement {unknown}


   Skills:
 * Level 2.1 Fighting
 - Level 2.3 Dodging
 - Level 1.3 Stealth
 + Level 1.2 Unarmed Combat
 * Level 1.5 Spellcasting
 - Level 3.2 Evocations


You had 5 spell levels left.
You didn't know any spells.
Your spell library was empty.

Dungeon Overview and Level Annotations

Branches:
Dungeon (2/15)

Altars:


Innate Abilities, Weirdness & Mutations

You cannot wear most types of armour.
You are amphibious.
You can wear up to eight rings at the same time.
Your skin changes colour to match your surroundings (Stealth+).
Your rubbery body absorbs attacks. (AC +1, EV +1)
((You are camouflaged when in or above water. (Stealth+)))
You have tentacles for arms and can constrict up to eight enemies at once.


Message History

You feel sick. The adder misses your adder.
Unknown command.
Saving game... please wait.
Welcome back, H0rd4k the Octopode Artificer.
Press ? for a list of commands and other information.
Unknown command.
What are your orders? t - Shout!
Orders for allies: a - Attack new target. r - Retreat! s - Stop attacking. g - Guard the area. f - Follow me.
Anything else - Cancel.
Guard this area!
* * * LOW HITPOINT WARNING * * *
You feel sick. The adder bites your adder.
Your adder bites the adder.
The adder barely misses your adder.
Your adder bites the adder.
It was a potion of brilliance.
You feel clever all of a sudden.
* * * LOW HITPOINT WARNING * * *
You feel sick. The adder closely misses your adder.
Your adder misses the adder.
It was a potion of magic.
Magic courses through your body.
* * * LOW HITPOINT WARNING * * *
You feel sick.
Your adder completely misses the adder.
The adder barely misses your adder.
* * * LOW HITPOINT WARNING * * *
You feel sick.
Your adder closely misses the adder.
The adder closely misses your adder.
* * * LOW HITPOINT WARNING * * *
You feel sick. The adder misses your adder.
Your adder closely misses the adder.
Your adder barely misses the adder.
The adder bites your adder.
Your adder is poisoned.
The adder poisons your adder!
* * * LOW HITPOINT WARNING * * *
You feel sick.
Your adder misses the adder. The adder bites your adder.
Your adder dies!
You see here 2 atropa-tipped darts.
a - 2 atropa-tipped darts You die...

.... #.##..
#.##r. #.##S#
#.##†# #####
###.##)#
#...####.#.##.#
#.......#..##.#
#...##.###..@.#
##.####.#.#####
#.# ##.## #<#
#.# #.# #.# #.#
#.. #.# ### #.#
#.#


You could see an adder and a quokka.

Vanquished Creatures
  A gnoll (D:1)
  A dart slug (D:1)
  3 endoplasms (D:1)
  2 giant cockroaches (D:1)
  3 hobgoblins (D:1)
  2 kobolds (D:1)
  3 ball pythons (D:1)
  2 bats (D:1)
  3 frilled lizards (D:1)
  4 goblins
  2 rats (D:1)
26 creatures vanquished.

Vanquished Creatures (others)
  An adder (D:2)
1 creature vanquished.

Grand Total: 27 creatures vanquished

Notes
Turn   | Place    | Note
-------+----------+-------------------------------------------
     0 | D:1      | H0rd4k the Octopode Artificer began the quest for the Orb.
     0 | D:1      | Reached XP level 1. HP: 13/13 MP: 1/1
    96 | D:1      | Found a faded altar of an unknown god.
   249 | D:1      | Reached XP level 2. HP: 15/18 MP: 1/3
   365 | D:1      | Reached skill level 1 in Spellcasting
   979 | D:1      | Reached XP level 3. HP: 17/24 MP: 4/4
  1080 | D:1      | Reached skill level 1 in Unarmed Combat
  1666 | D:2      | HP: 1/24 [poisoned by an adder]
  1667 | D:2      | Succumbed to an adder's poison

Illustrated notes

Levels and vault maps discovered:
D:1:      lightli_arrival_lavapool, layout_basic,
          shapermc_ecumenical_altar_ellora
D:2:      layout_loops_ring

Skill      XL: |  1  2  3 |
---------------+----------+-----
Spellcasting   | 1 |  1.5
Fighting       | 2 |  2.1
Unarmed Combat | 1 |  1.2
Dodging        | |  2.3
Stealth        | |  1.3
Evocations     | |  3.2

Action                   || total
-------------------------++-------
Melee: Unarmed           ||    60
       Constrict         ||    22
       Tentacles         ||    19
       Punch             ||     3
Evoke: Wand              ||     1
  Use: Potion            ||     2
 Stab: Sleeping          ||     7
Armor: Skin              ||     3
Dodge: Dodged            ||    21
